 Dungeon Crawl Stone Soup version 0.31-a0-233-g139696dc86 (webtiles) character file.

Game seed: 7319710756364388096

43 qw the Shooter (level 3, -2/29 HPs)
             Began as a Minotaur Hexslinger on July 8, 2023.
             Slain by a gnoll
             ... wielding a +0 spear
              (7 damage)
             ... on level 2 of the Dungeon.
             The game lasted 00:00:21 (983 turns).

qw the Shooter (Minotaur Hexslinger)                 Turns: 983, Time: 00:00:22

Health: -2/29      AC:  2    Str: 12    XL:     3   Next: 37%
Magic:  3/3        EV: 12    Int: 10    God:
Gold:   71         SH:  0    Dex: 14    Spells: 3/4 levels left

rFire   . . .        Y - +1 sling
rCold   . . .        (no shield)
rNeg    . . .        c - +0 robe
rPois   .            (helmet restricted)
rElec   .            (no cloak)
rCorr   .            (no gloves)
SInv    .            (no boots)
Will    .....        (no amulet)
Stlth   +            (no ring)
HPRegen 0.24/turn    (no ring)
MPRegen 0.08/turn

%: no passive effects
@: attractive
A: horns 2, retaliatory headbutt
a: no special abilities


You were on level 2 of the Dungeon.
You visited 1 branch of the dungeon, and saw 2 of its levels.

You collected 71 gold pieces.


Innate Abilities, Weirdness & Mutations

You have a pair of horns on your head.
You reflexively headbutt those who attack you in melee.


   Skills:
 - Level 2.0 Fighting
 + Level 4.0 Ranged Weapons
 - Level 2.1 Dodging
 - Level 1.0 Spellcasting
 - Level 2.0 Hexes


You had 3 spell levels left.
You knew the following spells:

 Your Spells              Type           Power      Damage    Failure   Level
a - Slow                  Hex            16%        N/A       16%         1

Your spell library contained the following spells:

 Spells                   Type           Power      Damage    Failure   Level
 Inner Flame              Hex/Fire       2%         N/A       56%         3
 Portal Projectile        Hex/Tloc       4%         N/A       56%         3
 Cause Fear               Hex            2%         N/A       83%         4

Inventory:

Hand Weapons
 Y - a +1 sling (weapon)
Armour
 c - a +0 robe (worn)
Potions
 a - a potion of lignification {unknown}
 b - a potion of attraction
 e - a potion of curing
 f - a potion of haste {unknown}
 i - a potion of resistance {unknown}
 k - a potion of degeneration {unknown}

Dungeon Overview and Level Annotations

Branches:
Dungeon (2/15)

Altars:

Annotations:
D:2 exclusion: gnoll


Message History

The sling bullet barely misses the gnoll.
The gnoll shouts!
You hear a shout!
The gnoll throws a poisoned dart.
The poisoned dart barely misses you.
You shoot a sling bullet.
The sling bullet hits the gnoll but does no damage.
The gnoll is almost dead.
The gnoll throws a poisoned dart.
The poisoned dart barely misses you.
You shoot a sling bullet. The sling bullet hits the gnoll.
You kill the gnoll!
Your Ranged Weapons skill increases to level 4!
You shoot a sling bullet.
The sling bullet barely misses the gnoll.
You shoot a sling bullet.
The sling bullet closely misses the gnoll.
The gnoll barely misses you.
You shoot a sling bullet. The sling bullet hits the gnoll.
The gnoll is moderately wounded.
The gnoll hits you from afar with a +0 spear.
You shoot a sling bullet. The sling bullet hits the gnoll.
The gnoll is heavily wounded.
The gnoll closely misses you.
You shoot a sling bullet. The sling bullet hits the gnoll.
The gnoll is almost dead.
The gnoll hits you from afar with a +0 spear.
You shoot a sling bullet.
The sling bullet barely misses the gnoll.
The gnoll hits you from afar with a +0 spear!
The gnoll hits you but does no damage.
980 ||| DRINKING 2 sapphire potions.
It was a potion of attraction.
You feel attractive to monsters. The gnoll barely misses you.
The gnoll is attracted toward you.
Enter note:
Enter note: The gnoll hits you with a +0 spear.
The gnoll attacks as you move away! The gnoll hits you with a +0 spear.
The gnoll hits you from afar with a +0 spear.
The gnoll is attracted toward you. The gnoll attacks as you move away!
The gnoll hits you with a +0 spear!
You die...

...................#
.###.###.#...#####.#
.#.....#.#.### #.#
.#.....#...# #.#
...>......## #.#
.#.....#.## ###.# .#
....#.# #...#
.###)###.# #.###
.........## #@#
###.......## ##g##
#.........# #ยค..#
+.........'.).....#
##.........####...##
##.......## ##.##
##.....## #.#
##...## #.#
#####%#### #..


You could see a gnoll.

Vanquished Creatures
  A gnoll (D:2)
  An adder (D:2)
  3 endoplasms (D:1)
  A giant cockroach (D:1)
  3 hobgoblins (D:1)
  5 ball pythons
  3 bats
  A frilled lizard (D:1)
  5 goblins
  A rat (D:2)
24 creatures vanquished.

Notes
Turn   | Place    | Note
-------+----------+-------------------------------------------
     0 | D:1      | qw the Minotaur Hexslinger began the quest for the Orb.
     0 | D:1      | Reached XP level 1. HP: 16/16 MP: 1/1
     0 | D:1      | 0 ||| qw: Version: 0.3-a-46-gb1f654a
     0 | D:1      | 0 ||| qw: Game counter: 3359
     0 | D:1      | 0 ||| qw: Melee chars always use a shield: true
     0 | D:1      | 0 ||| qw: God list: Okawaru
     0 | D:1      | 0 ||| qw: Allow faded altars: false
     0 | D:1      | 0 ||| qw: Do Orc after clearing Dungeon:15 true
     0 | D:1      | 0 ||| qw: Do second Lair branch before Depths: true
     0 | D:1      | 0 ||| qw: Lair rune preference: random
     0 | D:1      | 0 ||| qw: Goals: Normal
     0 | D:1      | 0 ||| PLANNING D:1-11
    27 | D:1      | Found a faded altar of an unknown god.
   139 | D:1      | Reached skill level 3 in Ranged Weapons
   140 | D:1      | Reached XP level 2. HP: 23/23 MP: 2/2
   828 | D:1      | 828 ||| READING scroll labelled BOIFUI GUING.
   829 | D:1      | 829 ||| READING scroll labelled JININWOUJO.
   830 | D:1      | 830 ||| READING scroll labelled QOCROT XETAXIE.
   831 | D:1      | 831 ||| READING scroll labelled MIWNITROWEX.
   832 | D:1      | 832 ||| DRINKING 2 grey potions.
   833 | D:1      | 833 ||| DROPPING scroll of poison.
   886 | D:2      | Reached XP level 3. HP: 25/29 MP: 3/3
   974 | D:2      | Reached skill level 4 in Ranged Weapons
   980 | D:2      | 980 ||| DRINKING 2 sapphire potions.
   982 | D:2      | HP: 6/29 [gnoll/+0 spear (4)]
   983 | D:2      | Slain by a gnoll

Levels and vault maps discovered:
D:1:      heliophobic_arrival_dark_side_of_the_moon, layout_basic,
          nicolae_ecumenical_snake_handling
D:2:      layout_loops_corners, serial_shops, nicolae_lakefront_shop, shop,
          nicolae_shop_peninsula, nicolae_shop_behind_doors, st_stairs_3

Skill      XL: |  1  2  3 |
---------------+----------+-----
Ranged Weapons | 3 4 |  4.0
Fighting       | 2 |  2.0
Dodging        | |  2.1
Spellcasting   | |  1.0
Hexes          | |  2.0

Action                     || total
---------------------------++-------
   Fire: Sling             ||    68
    Use: Scroll            ||     4
         Potion            ||     2
 Armour: Robe              ||     6
  Dodge: Dodged            ||    20

Table legend:
 A = Non-vault XP
 B = Vault XP
 C = Vault XP percentage of total XP
 D = Non-vault monster count
 E = Vault monster count
 F = Vault count percentage of total count
                 A         B        C        D         E       F
            +---------+---------+-------+---------+---------+-------
      Total |      55 |       7 |  11.3 |      18 |       6 |  25.0
            +---------+---------+-------+---------+---------+-------
        D:1 |      26 |       3 |  10.3 |      15 |       3 |  16.7
        D:2 |      29 |       4 |  12.1 |       3 |       3 |  50.0
            +---------+---------+-------+---------+---------+-------
